[Event "GrandPrix_29.05"]
[Site "Chess.com"]
[Date "2020.05.29"]
[Round "6"]
[White "Khayala13"]
[Black "HElissalt"]
[Result "0-1"]
[WhiteElo "1821"]
[BlackElo "1820"]
[TimeControl "600+2"]
[EndTime "11:54:04 PDT"]
[Termination "HElissalt won by resignation"]

1. e4 c5 2. c3 d6 3. d4 Nf6 4. Bd3 Nc6 5. Ne2 e5 6. d5 Ne7 7. O-O Ng6 8. f4 exf4 9. Nxf4 Ne5 10. Bc2 g6 11. Nd3 Nfg4 12. Nxe5 Nxe5 13. Nd2 Bg7 14. Nf3 O-O 15. Nxe5 Bxe5 16. Bh6 Qh4 17. Bf4 Bxf4 18. g3 Be3+ 19. Kh1 Qh6 20. e5 dxe5 21. Qf3 Bh3 22.
Rfe1 Bg5 23. Rxe5 Rae8 24. Rae1 Rxe5 25. Rxe5 Bd8 26. Qf2 Qc1+ 27. Re1 Qg5 28. Bb3 Bc7 29. Qxc5 Qd2 30. Rg1 Bb6 0-1

[Event "GrandPrix_29.05"]
[Site "Chess.com"]
[Date "2020.05.29"]
[Round "6"]
[White "Alex_Molchanov"]
[Black "Jaka_Brilej"]
[Result "1-0"]
[WhiteElo "2084"]
[BlackElo "2136"]
[TimeControl "600+2"]
[EndTime "11:54:12 PDT"]
[Termination "Alex_Molchanov won by resignation"]

1. d4 f5 2. g3 Nf6 3. Bg2 g6 4.
Nh3 Bg7 5. Nf4 O-O 6. h4 d6 7. d5 c6 8. Nc3 e5 9. dxe6 Qe7 10. h5 g5 11. h6 Bh8 12. Nh5 Ng4 13. Qd2 f4 14.
gxf4 Bxe6 15. Ne4 Bd5 16. Rg1 Bxe4 17. Bxe4 Qxe4 18. f3 Qd4 19. Rxg4 Qxd2+ 20. Bxd2 Nd7 21. Rxg5+ Kf7 22. O-O-O d5 23. e4 Nf6 24. Rf5 Ke6 25. Ng7+ Bxg7 26. hxg7 Rg8 27. Bc3 Nd7 28. Rh5 dxe4 29.
fxe4 1-0

[Event "GrandPrix_29.05"]
[Site "Chess.com"]
[Date "2020.05.29"]
[Round "6"]
[White "GM_Levan_Pantsulaia"]
[Black "RussianChessFighter"]
[Result "1-0"]
[WhiteElo "2567"]
[BlackElo "2293"]
[TimeControl "600+2"]
[EndTime "11:54:19 PDT"]
[Termination "GM_Levan_Pantsulaia won by resignation"]

1. Nf3 Nf6 2. g3 b5 3. Bg2 Bb7 4. O-O e6 5. b3 Be7 6. c4 a6 7.
Nc3 b4 8. Na4 c5 9. Bb2 O-O 10.
d4 cxd4 11. Qxd4 Nc6 12. Qe3 d5 13. Rfd1 Qa5 14. Qb6 Rab8 15. Ne5 Qxb6 16. Nxb6 Rfd8 17. Rac1 Nxe5 18. Bxe5 Bd6 19. Bxf6 gxf6 20. cxd5 Kf8 21. dxe6 fxe6 22. Bxb7 Rxb7 23. Rc6 Be7 24. Rxd8+ Bxd8 25. Nc4 a5 26. Rxe6 Rd7 27. Rd6 Rxd6 28. Nxd6 Ke7 29.
Nf5+ Ke6 30. e4 Ke5 31. f3 1-0

[Event "GrandPrix_29.05"]
[Site "Chess.com"]
[Date "2020.05.29"]
[Round "6"]
[White "SuperFineHipster"]
[Black "Jan1401"]
[Result "1-0"]
[WhiteElo "2176"]
[BlackElo "2236"]
[TimeControl "600+2"]
[EndTime "11:54:19 PDT"]
[Termination "SuperFineHipster won by resignation"]

1. Nf3 Nf6 2. c4 b6 3. g3 Bb7 4. Bg2 c5 5. O-O g6 6. Nc3 Bg7 7. d4 cxd4 8. Qxd4 d6 9. Qh4 h6 10. Rd1 Nc6 11. g4 g5 12. Qg3 Na5 13. Nd4 Rc8 14. Nf5 Bf8 15. b3 Bxg2 16. Kxg2 Qd7 17.
Bb2 h5 18. Nb5 Qe6 19. h3 hxg4 20. hxg4 Ne4 21. Qf3 Nc6 22. Bxh8 1-0

[Event "GrandPrix_29.05"]
[Site "Chess.com"]
[Date "2020.05.29"]
[Round "6"]
[White "Armen_Barseghyan"]
[Black "Zhuu96"]
[Result "1-0"]
[WhiteElo "2532"]
[BlackElo "2497"]
[TimeControl "600+2"]
[EndTime "11:54:33 PDT"]
[Termination "Armen_Barseghyan won by resignation"]

1. d4 Nf6 2. Nf3 e6 3. e3 c5 4. Bd3 cxd4 5. exd4 b6 6. O-O Bb7 7. c4 Be7 8. Nc3 O-O 9. d5 Na6 10. Re1 Re8 11. Bf4 Bf8 12. Bg5 Nc5 13. Bc2 h6 14. Bh4 a5 15. Qd2 d6 16. dxe6 fxe6 17. Nd4 Qd7 18. Rad1 g5 19. Bg3 d5 20. Ndb5 Rac8 21.
Qd4 Qf7 22. Be5 Ncd7 23. Nd6 Bxd6 24. Bxd6 Rxc4 25. Qd3 Ba6 26. Qd2 b5 27. Bb3 Rc6 28.
Nxd5 Nxd5 29. Rxe6 Rxe6 30. Qxd5 Rcxd6 31. Qxd6 Rxd6 32. Bxf7+ Kxf7 33. Rxd6 Bc8 34. Rc6 1-0

[Event "GrandPrix_29.05"]
[Site "Chess.com"]
[Date "2020.05.29"]
[Round "6"]
[White "Bosiocic"]
[Black "tigra"]
[Result "1/2-1/2"]
[WhiteElo "2712"]
[BlackElo "2611"]
[TimeControl "600+2"]
[EndTime "11:54:42 PDT"]
[Termination "Game drawn by repetition"]

1. d4 Nf6 2. Bg5 d5 3. e3 e6 4.
c3 Be7 5. Bxf6 Bxf6 6. f4 Bh4+ 7.
g3 Be7 8. Nf3 Nd7 9. Bd3 b6 10.
Nbd2 Bb7 11. h4 c6 12. a4 Qc7 13. a5 c5 14. axb6 axb6 15. Rxa8+ Bxa8 16. Kf2 Bc6 17. Ng5 h6 18. Qh5 O-O 19. Bh7+ Kh8 20. Bd3 Nf6 21.
Nxf7+ Kg8 22. Nxh6+ Kh8 23. Nf7+ Kg8 24. Nh6+ Kh8 25.
Nf7+ Kg8 26. Nh6+ 1/2-1/2

[Event "GrandPrix_29.05"]
[Site "Chess.com"]
[Date "2020.05.29"]
[Round "6"]
[White "Nikithebest"]
[Black "SacrificeGod"]
[Result "1-0"]
[WhiteElo "2161"]
[BlackElo "2291"]
[TimeControl "600+2"]
[EndTime "11:54:42 PDT"]
[Termination "Nikithebest won by resignation"]

1. e4 c5 2. Nf3 d6 3. Bb5+ Nd7 4. O-O a5 5. d4 cxd4 6. Nxd4 Nf6 7. Nc3 g6 8. f4 Qc7 9. Qe2 Qc5 10. Be3 Qh5 11.
Qxh5 Nxh5 12. e5 e6 13. g4 Ng7 14. Ne4 h5 15. g5 Be7 16. exd6 Bd8 17. Nf6+ Bxf6 18.
gxf6 Nf5 19. Nxf5 gxf5 20. Kf2 Rh6 21. Bd4 Kf8 22. Rad1 Nb8 23. c4 Bd7 24. a4 Nc6 25. Be5 Rg6 26. Rg1 Rg4 27. h3 Rg6 28. Rxg6 fxg6 29. b3 g5 30. Rg1 g4 31. hxg4 hxg4 32. Rh1 Rc8 33. Rh8+ 1-0

[Event "GrandPrix_29.05"]
[Site "Chess.com"]
[Date "2020.05.29"]
[Round "6"]
[White "Olghita64"]
[Black "DrVelja"]
[Result "0-1"]
[WhiteElo "2009"]
[BlackElo "2159"]
[TimeControl "600+2"]
[EndTime "11:54:43 PDT"]
[Termination "DrVelja won by resignation"]

1. Nf3 Nf6 2. c4 g6 3. Nc3 Bg7 4. e4 e5 5. Nxe5 O-O 6. Nf3 Re8 7. d3 d5 8. cxd5 Nxd5 9. Nxd5 Qxd5 10. Be2 Qd6 11.
O-O c5 12. Rb1 Nc6 13. b3 Bg4 14. Bb2 Bxb2 15. Rxb2 Rad8 16. Qc1 Bxf3 17. Bxf3 Qxd3 18. Qxc5 Nd4 19. Bd1 Rxe4 20. Qxa7 Qxd1 21. Qa5 Ne2+ 22. Rxe2 Rxe2 0-1

[Event "GrandPrix_29.05"]
[Site "Chess.com"]
[Date "2020.05.29"]
[Round "6"]
[White "Happy1712Drummer"]
[Black "ZEN-22"]
[Result "1-0"]
[WhiteElo "2209"]
[BlackElo "2053"]
[TimeControl "600+2"]
[EndTime "11:54:59 PDT"]
[Termination "Happy1712Drummer won by resignation"]

1. Nf3 d6 2. d4 Nf6 3. c4 g6 4.
Nc3 Bf5 5. Qb3 b6 6. g3 c5 7. Bg2 Nc6 8. Qd1 Bg7 9. O-O O-O 10.
d5 Na5 11. Nd2 a6 12. a3 Qc7 13. e4 Bd7 14. Qe2 Rfc8 15. a4 Qb7 16. f4 b5 17.
axb5 axb5 18. e5 Ne8 19. cxb5 c4 20. e6 Bxb5 21. Nxb5 Qxb5 22. exf7+ Kxf7 23. Qe6+ Kf8 24. f5 Nf6 25. fxg6 hxg6 26. Ne4 Qe8 27. Nxf6 exf6 28. Rxf6+ Bxf6 29. Bh6+ Bg7 30. Rf1+ 1-0

[Event "GrandPrix_29.05"]
[Site "Chess.com"]
[Date "2020.05.29"]
[Round "6"]
[White "gliglu"]
[Black "WildBizon"]
[Result "1-0"]
[WhiteElo "2386"]
[BlackElo "2088"]
[TimeControl "600+2"]
[EndTime "11:55:11 PDT"]
[Termination "gliglu won by resignation"]

1. d4 Nf6 2. c4 g6 3. Nf3 Bg7 4.
g3 O-O 5. Bg2 c6 6. O-O d5 7. Nbd2 Bf5 8. b3 Ne4 9. Bb2 Qa5 10.
Nxe4 Bxe4 11. e3 Rd8 12. Qe2 Nd7 13. Rfc1 Rac8 14. Bc3 Qa6 15. Bf1 c5 16. Nd2 Bf5 17. Qf3 cxd4 18. exd4 dxc4 19. Nxc4 Qc6 20. d5 Qc7 21.
Bxg7 Kxg7 22. g4 b5 23. Ne3 Qxc1 24. Rxc1 Rxc1 25. gxf5 Nf6 26. Kg2 a6 27. a4 Rc3 28.
fxg6 b4 29. Nf5+ Kxg6 30. Bd3 h5 31. Qg3+ Ng4 32. h3 e6 33. hxg4 exf5 34. gxf5+ Kf6 35. Qh4+ Ke5 36. Qxd8 1-0

[Event "GrandPrix_29.05"]
[Site "Chess.com"]
[Date "2020.05.29"]
[Round "6"]
[White "Onischuk_V"]
[Black "jafarlib"]
[Result "1-0"]
[WhiteElo "2321"]
[BlackElo "2138"]
[TimeControl "600+2"]
[EndTime "11:55:21 PDT"]
[Termination "Onischuk_V won by resignation"]

1. e4 c5 2. Nf3 Nc6 3. Bb5 g6 4.
Bxc6 dxc6 5. d3 Bg7 6. h3 Nf6 7. Nc3 Nd7 8. Be3 e5 9. Qd2 h6 10. Nh2 Qe7 11. O-O b6 12. a3 a5 13. f4 exf4 14.
Bxf4 Ne5 15. Nf3 Nxf3+ 16. Rxf3 Be6 17. e5 g5 18. Bg3 g4 19. hxg4 Bxg4 20. Rf2 O-O-O 21.
Qf4 Be6 22. Ne4 Rd4 23. Raf1 h5 24. c3 Rxd3 25. Nd6+ Kb8 26. Bh4 Qc7 27. Qg5 Bh6 28.
Qf6 Rh7 29. Bg5 Bg7 30. Qf4 Rd5 31. Bf6 Bxf6 32. Qxf6 h4 33. Qg5 Rh8 34. Qg7 Rh5 35.
Rxf7 Bxf7 36. Rxf7 1-0

[Event "GrandPrix_29.05"]
[Site "Chess.com"]
[Date "2020.05.29"]
[Round "6"]
[White "DenLaz"]
[Black "Funo09"]
[Result "1/2-1/2"]
[WhiteElo "2760"]
[BlackElo "2641"]
[TimeControl "600+2"]
[EndTime "11:55:25 PDT"]
[Termination "Game drawn by agreement"]

1. d4 Nf6 2. c4 Nc6 3. Nf3 d6 4.
g3 Bg4 5. Bg2 e5 6. O-O Qd7 7.
Nc3 Be7 8. d5 Nb8 9. Ne1 a5 10.
f3 Bh3 11. e4 Na6 12. Nd3 O-O 13.
f4 Rfe8 14. fxe5 dxe5 15. Bxh3 Qxh3 16. Nf2 Qd7 17. Be3 Bc5 18. Qf3 Rf8 19. Nd3 Bxe3+ 20. Qxe3 Qe7 21. Rf5 Nd7 22. Raf1 Nb4 23. Ne1 f6 24. g4 Qc5 25. Qxc5 Nxc5 26. g5 fxg5 27. Rxe5 Rfe8 28. Rxe8+ Rxe8 29. a3 Nba6 30. Nf3 Nxe4 31.
Re1 Nd6 32. Rxe8+ Nxe8 33. Nxg5 Nd6 34. b3 Nc5 35. b4 axb4 36. axb4 Nd3 37. c5 Ne8 38.
Na2 Nf4 39. Nc3 Nd3 40. Na2 1/2-1/2

[Event "GrandPrix_29.05"]
[Site "Chess.com"]
[Date "2020.05.29"]
[Round "6"]
[White "ENajer77"]
[Black "GrishaTheChamp"]
[Result "1-0"]
[WhiteElo "2222"]
[BlackElo "2173"]
[TimeControl "600+2"]
[EndTime "11:55:28 PDT"]
[Termination "ENajer77 won by checkmate"]

1. e4 c5 2. Nf3 d6 3. d4 cxd4 4. Nxd4 Nf6 5. Nc3 Nc6 6. Bg5 e6 7. Qd2 a6 8. O-O-O h6 9. Nxc6 bxc6 10. Bf4 d5 11. Qe3 Bb4 12. Be2 O-O 13. e5 Nh7 14. a3 Ba5 15. Ne4 f5 16. exf6 Nxf6 17. Nd6 Bd7 18. Nb7 Qb6 19. Nxa5 Qxa5 20. Bd6 Rf7 21. f3 Ne8 22. Qc5 Qxc5 23. Bxc5 e5 24. Rhe1 Bf5 25. Bd3 Bxd3 26. Rxd3 Nf6 27. Rc3 e4 28. Bd4 exf3 29. gxf3 Nd7 30. Rxc6 Rxf3 31. Rg6 Nf6 32. Reg1 Ne8 33.
Bxg7 Nxg7 34. Rxg7+ Kh8 35. Rd7 Rf2 36. Rxd5 Rxh2 37.
Rc5 Re8 38. b4 h5 39. Rg6 h4 40. Rh5# 1-0

[Event "GrandPrix_29.05"]
[Site "Chess.com"]
[Date "2020.05.29"]
[Round "6"]
[White "VojtechPlat"]
[Black "Pash2015"]
[Result "0-1"]
[WhiteElo "2276"]
[BlackElo "2240"]
[TimeControl "600+2"]
[EndTime "11:55:47 PDT"]
[Termination "Pash2015 won by resignation"]

1. e4 c5 2. Nf3 a6 3. c3 e6 4. d4 cxd4 5. cxd4 d5 6. exd5 Bb4+ 7.
Nc3 exd5 8. Ne5 Nf6 9. Qa4+ Nc6 10. Nxc6 Bxc3+ 11. bxc3 bxc6 12. Qxc6+ Bd7 13. Qd6 Qa5 14.
Bd2 Ne4 15. Qb4 Qc7 16. Bd3 Rb8 17. Qa3 Bb5 18. Bxb5+ Rxb5 19. Qxa6 Qc4 20. Qa3 Qd3 21. Rd1 Nxd2 22. Qc1 Kd8 23. Rxd2 Qe4+ 24. Re2 Rb1 25. Rxe4 Rxc1+ 26. Kd2 Rxh1 27. Re5 Rxh2 28. Rxd5+ Ke7 29. a4 Ra8 30. a5 Rxg2 31. Ke2 Rg6 32. Rb5 Rga6 33.
c4 Rxa5 34. Rb7+ Kf6 35. d5 Ra3 36. c5 Rc3 37. c6 Ra5 38. Rd7 Ra2+ 39. Kf1 Rcc2 40.
Kg2 Rxf2+ 41. Kg3 Rfc2 42. c7 Rc3+ 0-1

[Event "GrandPrix_29.05"]
[Site "Chess.com"]
[Date "2020.05.29"]
[Round "6"]
[White "lilleper1"]
[Black "AlexPapasimakopoulos"]
[Result "1-0"]
[WhiteElo "2395"]
[BlackElo "2334"]
[TimeControl "600+2"]
[EndTime "11:55:53 PDT"]
[Termination "lilleper1 won by resignation"]

1. d4 Nf6 2. c4 e6 3. Nf3 Bb4+ 4. Bd2 Qe7 5. g3 Nc6 6. Bg2 Bxd2+ 7. Qxd2 Ne4 8. Qc2 Qb4+ 9. Kf1 f5 10. a3 Qe7 11.
Nc3 Nxc3 12. Qxc3 O-O 13. b4 Nd8 14. h4 Nf7 15. Re1 Nh6 16. Bh3 d6 17. Kg2 b6 18.
Ng5 Bb7+ 19. f3 Ng4 20. e4 h6 21. exf5 Ne5 22. dxe5 hxg5 23. exd6 Qxd6 24. Rxe6 Qd8 25.
Rg6 Qe7 26. Re1 Qf7 27. hxg5 Rae8 28. Rge6 Rxe6 29. Rxe6 Bc8 30. g6 Qd7 31. Bg4 Qd8 32. Re5 Bb7 33. Qe3 Bc6 34. Re7 Re8 35. Rxe8+ Bxe8 36.
Qe6+ Kf8 37. Qe3 Qd1 38. f6 Qc2+ 39. Kh3 Qxg6 40. Qe7+ Kg8 41. Be6+ Kh7 42. f7 Qh5+ 43. Qh4 Bxf7 44. Bxf7 1-0

[Event "GrandPrix_29.05"]
[Site "Chess.com"]
[Date "2020.05.29"]
[Round "6"]
[White "francyIM"]
[Black "Gabrielian_Artur"]
[Result "1-0"]
[WhiteElo "2618"]
[BlackElo "2548"]
[TimeControl "600+2"]
[EndTime "11:55:56 PDT"]
[Termination "francyIM won by resignation"]

1. d4 Nf6 2. c4 c5 3. d5 e6 4.
Nc3 exd5 5. cxd5 d6 6. e4 g6 7. f4 Bg7 8. Bb5+ Nfd7 9. a4 O-O 10. Nf3 Na6 11. O-O Nb4 12. h3 a6 13. Bc4 f5 14.
e5 dxe5 15. d6+ Kh8 16. Ng5 Nb6 17. Nf7+ Rxf7 18. Bxf7 e4 19. a5 Bd4+ 20. Kh2 Nd7 21. Ne2 Bg7 22. Be3 Nd3 23. Qb3 Nf6 24. Rfd1 Qxd6 25.
Bc4 Qe7 26. Bxd3 exd3 27. Qxd3 Bd7 28. Nc3 Bc6 29. Re1 Ne4 30. Rad1 Re8 31. Nxe4 Bxe4 32. Qc4 h5 33. Qxc5 Qxc5 34. Bxc5 Bxb2 35. Rd7 Rc8 36. Re2 Rxc5 37. Rxb2 Rxa5 38. Rbd2 Kg8 39. Kg3 Kf8 40. Kh4 Rb5 41. Kg5 a5 42. R2d6 Bc6 43. Rh7 Rd5 44.
Rf6+ Ke8 45. Rxg6 Kf8 46. Rxh5 a4 47. Rh8+ Ke7 48. Ra8 Rd2 49. g4 Rd3 50. Rg7+ Ke6 51. gxf5+ Kd5 52. Rd8+ Ke4 53. Re7+ 1-0

[Event "GrandPrix_29.05"]
[Site "Chess.com"]
[Date "2020.05.29"]
[Round "6"]
[White "friesnielsen2302"]
[Black "cantdefyme"]
[Result "1-0"]
[WhiteElo "1839"]
[BlackElo "2002"]
[TimeControl "600+2"]
[EndTime "11:55:58 PDT"]
[Termination "friesnielsen2302 won by resignation"]

1. e4 c5 2. Nf3 d6 3. d4 cxd4 4. Nxd4 Nf6 5. Nc3 a6 6. b3 e5 7.
Nde2 Be6 8. f4 exf4 9. Nxf4 Nbd7 10. Nxe6 fxe6 11. Bc4 Qa5 12. Bd2 Qe5 13. O-O Nxe4 14. Nxe4 Qxe4 15. Kh1 d5 16. Re1 Qf5 17. Bd3 Qf7 18.
Qg4 e5 19. Bf5 Bd6 20. Be6 Qe7 21. Bxd5 Nf6 22. Qa4+ b5 23. Bc6+ Kf7 24. Qa5 Ra7 25. a4 Rc8 26. axb5 axb5 27. Qxa7 Rxc6 28. Qxe7+ Kxe7 29. Rac1 Ba3 30. Rxe5+ Kd6 31. Rce1 Rxc2 32. Bf4 Kd7 33. Rxb5 Rf2 34. Bg3 Rd2 35. Rb7+ Kc6 36. Rxg7 Bb4 37. h3 Rd3 38. Re6+ 1-0

[Event "GrandPrix_29.05"]
[Site "Chess.com"]
[Date "2020.05.29"]
[Round "6"]
[White "SergeyVashchilov"]
[Black "Todorovic1991"]
[Result "1/2-1/2"]
[WhiteElo "2068"]
[BlackElo "1812"]
[TimeControl "600+2"]
[EndTime "11:56:03 PDT"]
[Termination "Game drawn by repetition"]

1. e4 d6 2. d4 Nf6 3. Nc3 g6 4. Nge2 Bg7 5. g3 O-O 6. Bg2 Nbd7 7. O-O c5 8. h3 Rb8 9. a4 b6 10. Be3 cxd4 11. Bxd4 Bb7 12. Nd5 e6 13. Nxf6+ Nxf6 14. Qd3 Qc7 15. c4 Rbc8 16. Rac1 Bc6 17. b3 Qb7 18.
Nc3 a6 19. Rfe1 Rfd8 20. g4 Ne8 21. Bxg7 Kxg7 22. g5 Nc7 23. h4 b5 24. h5 b4 25.
Nd5 Bxd5 26. h6+ Kg8 27. exd5 e5 28. c5 Ne8 29. c6 Qe7 30. Qd2 f5 31. f4 a5 32. Qe3 e4 33. Qd4 Nc7 34. Re3 Re8 35. Rd1 Qf7 36. Bf1 Ra8 37. Qb6 Reb8 38. Qd4 Re8 39.
Kh2 Qe7 40. Kg3 Qf7 41. Bg2 Qe7 42. Bf1 Qf7 43. Qb6 Reb8 44. Qd4 Re8 1/2-1/2

[Event "GrandPrix_29.05"]
[Site "Chess.com"]
[Date "2020.05.29"]
[Round "6"]
[White "Velis23"]
[Black "Saqo007"]
[Result "0-1"]
[WhiteElo "2063"]
[BlackElo "2097"]
[TimeControl "600+2"]
[EndTime "11:56:12 PDT"]
[Termination "Saqo007 won by resignation"]

1. d4 d5 2. Bf4 Nf6 3. e3 e6 4. Nd2 Be7 5. Bd3 b6 6. c3 Bb7 7.
Ngf3 O-O 8. h3 Ne4 9. O-O Nd7 10.
Ne5 f6 11. Nxd7 Qxd7 12. Nxe4 dxe4 13. Bc4 Bd5 14. Be2 g5 15. Bg3 f5 16. Be5 Bd6 17.
f4 exf3 18. Bxf3 Bxe5 19. dxe5 Rad8 20. Qe1 Bxf3 21. gxf3 Qg7 22. Qg3 f4 23. exf4 gxf4 24. Qxg7+ Kxg7 25. Rad1 Kg6 26. Rd4 c5 27. Rd6 Kf5 28.
Rfd1 Rxd6 29. exd6 Rd8 30. d7 Kf6 31. Kf2 Ke7 32. Ke2 Rxd7 33. Rg1 Kf6 34. Rg8 Rg7 35. Rf8+ Ke5 36. Ra8 c4 37. Kf2 Rd7 38. Ke2 Kf6 39. Rf8+ Rf7 40. Re8 e5 41. Rc8 b5 42. Rc6+ Kf5 43. Rc5 Rb7 44. a3 a5 45. Kf2 b4 46.
axb4 axb4 47. Rxc4 bxc3 48. bxc3 Rb2+ 49. Kg1 Kg5 50. Rc5 Kh4 51. Rxe5 Kxh3 52. Rg5 Rc2 53.
Rg4 h5 54. Rg5 Kh4 55. Rf5 Kg3 56. Rg5+ Kxf3 57. Rxh5 Kg4 58. Rc5 Kf3 59. Rc8 Rc1+ 60. Kh2 Ke2 61. Rd8 Rxc3 62. Rf8 f3 63. Kg3 Re3 64. Rf4 Re8 65. Rxf3 Rg8+ 66. Kf4 Rf8+ 67. Ke4 Rxf3 0-1

[Event "GrandPrix_29.05"]
[Site "Chess.com"]
[Date "2020.05.29"]
[Round "6"]
[White "ehrenfeld"]
[Black "Dolphin_2010"]
[Result "0-1"]
[WhiteElo "2086"]
[BlackElo "2167"]
[TimeControl "600+2"]
[EndTime "11:56:19 PDT"]
[Termination "Dolphin_2010 won by resignation"]

1. e4 c6 2. d4 d5 3. exd5 cxd5 4. Bd3 Nc6 5. c3 Qc7 6. Ne2 Bg4 7. O-O Nf6 8. Qe1 Bxe2 9. Qxe2 e6 10. Nd2 Bd6 11. g3 O-O 12. f4 Rfe8 13. Nf3 Nd7 14. Bd2 f5 15. Kh1 Nf6 16. Ne5 Ne4 17. Rg1 Bxe5 18.
fxe5 Qa5 19. Be3 Rf8 20. a3 Qd8 21. Raf1 g5 22. Bxe4 dxe4 23. Qh5 g4 24. h3 Qe8 25. hxg4 Qxh5+ 26. gxh5 Ne7 27. g4 Kf7 28. Bg5 Rae8 29. Kh2 b5 30. Kg3 Rg8 31. Kh4 Nd5 32. gxf5 exf5 33.
Rxf5+ Ke6 34. Rff1 h6 35. Bxh6 Ne7 36. Rxg8 Rxg8 37.
Bg5 Nf5+ 38. Rxf5 Kxf5 39. Bf6 e3 40. h6 e2 0-1

[Event "GrandPrix_29.05"]
[Site "Chess.com"]
[Date "2020.05.29"]
[Round "6"]
[White "Semen_Khanin"]
[Black "viktorskliarov"]
[Result "1/2-1/2"]
[WhiteElo "2369"]
[BlackElo "2198"]
[TimeControl "600+2"]
[EndTime "11:56:26 PDT"]
[Termination "Game drawn by repetition"]

1. e4 c5 2. Nf3 Nc6 3. d4 cxd4 4. Nxd4 Nf6 5. Nc3 e5 6. Ndb5 d6 7. Bg5 a6 8. Na3 b5 9. Bxf6 gxf6 10. Nd5 f5 11. c3 Bg7 12. exf5 Bxf5 13. Nc2 O-O 14. Nce3 Be6 15. Bd3 f5 16. O-O Kh8 17. f4 e4 18.
Bc2 b4 19. Ba4 Bxd5 20. Nxd5 Ne7 21. Nxb4 d5 22. Kh1 d4 23. cxd4 Qxd4 24. Qxd4 Bxd4 25.
Rab1 Rfb8 26. Nc6 Nxc6 27. Bxc6 Ra7 28. b4 Rc7 29. b5 e3 30. a4 e2 31. Rfe1 Bc3 32.
Kg1 Bd4+ 33. Kh1 Bc3 34. Kg1 Bd4+ 35. Kh1 1/2-1/2

[Event "GrandPrix_29.05"]
[Site "Chess.com"]
[Date "2020.05.29"]
[Round "6"]
[White "Zakaryan_David"]
[Black "Dyadya81"]
[Result "1/2-1/2"]
[WhiteElo "1466"]
[BlackElo "2245"]
[TimeControl "600+2"]
[EndTime "11:56:32 PDT"]
[Termination "Game drawn by agreement"]

1. d4 Nf6 2. c4 g6 3. Nc3 Bg7 4. e4 d6 5. Nf3 O-O 6. h3 e5 7.
d5 a5 8. Be3 Na6 9. Be2 Nh5 10.
g3 f5 11. exf5 gxf5 12. Nh4 f4 13. Bxh5 fxe3 14. fxe3 Qg5 15. Ne4 Qxe3+ 16. Qe2 Bh6 17. Qxe3 Bxe3 18. Ke2 Bh6 19. Raf1 Rxf1 20. Rxf1 Bxh3 21.
Rf3 Rf8 22. Rxf8+ Kxf8 23. g4 Bf4 24. Nf2 Bg3 25. Nf5 Bxf2 26. Kxf2 Nc5 27. Ne3 Ne4+ 28. Kf3 Ng5+ 29. Kg3 Kg7 30. Be8 Kf6 31. Ba4 e4 32. Kf4 Kg6 33. Bc2 h5 34. gxh5+ Kxh5 35. Bxe4 Bd7 36. b3 Nh3+ 37. Kg3 Kg5 38. Ng2 Bg4 39. Bf3 Bxf3 40. Kxf3 Kf6 41. Ke4 Nf2+ 42. Ke3 Ng4+ 43. Kf4 Ne5 44. Ke4 Nd7 45. Ne1 Nc5+ 46. Kf4 Na6 47. Ke4 a4 48. Kd4 axb3 49. axb3 c5+ 50.
dxc6 bxc6 51. Nd3 Ke6 52. b4 Nxb4 53. Nxb4 c5+ 54. Kc3 cxb4+ 55. Kxb4 Ke5 1/2-1/2

[Event "GrandPrix_29.05"]
[Site "Chess.com"]
[Date "2020.05.29"]
[Round "6"]
[White "eristeski7"]
[Black "Inkalubo"]
[Result "1-0"]
[WhiteElo "2111"]
[BlackElo "1853"]
[TimeControl "600+2"]
[EndTime "11:56:43 PDT"]
[Termination "eristeski7 won on time"]

1. e4 Nf6 2. e5 Nd5 3. d4 d6 4.
Bc4 Nb6 5. Bb3 Bf5 6. Qf3 Qc8 7. Ne2 e6 8. Ng3 Bg6 9. h4 h6 10. h5 Bh7 11. Qg4 Nc6 12. exd6 cxd6 13. O-O e5 14. Qf3 Qd7 15. dxe5 dxe5 16. Rd1 Nd4 17. Qe3 O-O-O 18. c3 Bc5 19. cxd4 exd4 20. Qf3 Rhe8 21. Bf4 Na4 22. Bxa4 Qxa4 23. Rc1 Qa5 24. Nd2 1-0

[Event "GrandPrix_29.05"]
[Site "Chess.com"]
[Date "2020.05.29"]
[Round "6"]
[White "benko_008"]
[Black "LorisinoC"]
[Result "1-0"]
[WhiteElo "2095"]
[BlackElo "2054"]
[TimeControl "600+2"]
[EndTime "11:56:52 PDT"]
[Termination "benko_008 won by resignation"]

1. d4 d5 2. Nf3 Nf6 3. c4 c6 4. Nbd2 c5 5. e3 cxd4 6. exd4 Nc6 7. cxd5 Nxd5 8. Bc4 Bg4 9. Qb3 Be6 10. O-O a6 11. Ng5 b5 12. Nxe6 fxe6 13. Bd3 Nxd4 14. Qd1 g6 15. Nf3 Nxf3+ 16. Qxf3 Bg7 17. Re1 Rf8 18. Qh3 Qb6 19. Re2 O-O-O 20. Bg5 Kb8 21. Rf1 Bd4 22. Bh4 Nf4 23. Bg3 Ka7 24. Bxf4 Rxf4 25.
Rxe6 Bxf2+ 26. Kh1 Qc5 27. b4 Qxb4 28. Qxh7 Rd7 29.
Qxg6 Rd6 30. Rxe7+ Kb6 31. Qh7 Rh4 32. Rb7+ Ka5 33.
Qc7+ Rb6 34. Rxf2 Qd4 35. Qxb6+ Qxb6 36. Rxb6 1-0

[Event "GrandPrix_29.05"]
[Site "Chess.com"]
[Date "2020.05.29"]
[Round "6"]
[White "N4700000"]
[Black "nurgyulsalimova"]
[Result "1-0"]
[WhiteElo "2404"]
[BlackElo "2175"]
[TimeControl "600+2"]
[EndTime "11:56:54 PDT"]
[Termination "N4700000 won by resignation"]

1. e4 c6 2. Nc3 d5 3. Qe2 d4 4. Nd1 e5 5. g3 c5 6. d3 Nc6 7.
f4 Bd6 8. Nf3 Nge7 9. Bg2 O-O 10. f5 f6 11. g4 g5 12. h4 h6 13. Nf2 b5 14. hxg5 hxg5 15. Rh5 Kf7 16. Bxg5 fxg5 17. Nxg5+ Ke8 18. O-O-O Qa5 19. Kb1 Nb4 20. a3 Nbc6 21.
Nh7 Rf7 22. g5 b4 23. g6 Rg7 24. Qd2 Nxg6 25. fxg6 Rxg6 26. Rg5 Rxg5 27. Qxg5 Be6 28. Qg6+ Kd7 29. Ng5 Bg8 30. Bh3+ Kc7 31. Be6 bxa3 32. Bxg8 axb2 33. Ba2 Nb4 34. Qf7+ Kb6 35. Qe6 Rd8 36.
Nf7 Qa4 37. Rd2 Nxa2 38. Qxa2 Qxa2+ 39. Kxa2 Rd7 40. Nxd6 Rxd6 41. Kxb2 c4 42. dxc4 Kc5 43.
Nd3+ Kxc4 44. Nxe5+ Kc5 45. Nd3+ Kc4 46. Rh2 Rb6+ 47. Kc1 1-0

[Event "GrandPrix_29.05"]
[Site "Chess.com"]
[Date "2020.05.29"]
[Round "6"]
[White "Micki-taryan"]
[Black "VitaliyBernadskiy"]
[Result "1-0"]
[WhiteElo "2523"]
[BlackElo "2361"]
[TimeControl "600+2"]
[EndTime "11:56:55 PDT"]
[Termination "Micki-taryan won by resignation"]

1. d4 Nf6 2. Nf3 b6 3. c4 Bb7 4.
Nc3 e6 5. Bg5 h6 6. Bh4 Be7 7.
Qc2 d5 8. cxd5 Nxd5 9. Bxe7 Qxe7 10. Rc1 O-O 11. Nxd5 Bxd5 12. Qxc7 Qxc7 13. Rxc7 Nc6 14. e3 Rac8 15. Rxc8 Rxc8 16. Kd2 Bxa2 17. Ba6 Rb8 18.
Rc1 Bd5 19. Bb5 Ne7 20. Rc7 Rb7 21. Rc3 Rb8 22. Ne1 Nc8 23. f3 Nd6 24. Bd3 f5 25. Nc2 a5 26. Rc7 Rb7 27. Rc3 g5 28. Na3 b5 29.
Rc5 g4 30. Nxb5 Nxb5 31. Rxb5 Rxb5 32. Bxb5 gxf3 33. gxf3 Bxf3 34. Kc3 Kf7 35. Kc4 Kf6 36. Kc5 e5 37. Kb6 exd4 38. exd4 f4 39. Kxa5 Bd1 40. Kb4 f3 41. Kc3 Kf5 42. Kd2 Bb3 43.
Ke3 Bd5 44. b4 Ke6 45. Ba4 Kf5 46. Bd1 Kg4 47. b5 h5 48. b6 h4 49. Bb3 1-0

[Event "GrandPrix_29.05"]
[Site "Chess.com"]
[Date "2020.05.29"]
[Round "6"]
[White "vagpat"]
[Black "Margency"]
[Result "0-1"]
[WhiteElo "2198"]
[BlackElo "2146"]
[TimeControl "600+2"]
[EndTime "11:57:02 PDT"]
[Termination "Margency won by resignation"]

1. e4 e5 2. Nf3 Nc6 3. Bc4 Nf6 4. d3 Bc5 5. c3 O-O 6. Bb3 d5 7. Nbd2 a5 8. O-O d4 9. Nc4 Bg4 10. a4 Nd7 11. h3 Bxf3 12. Qxf3 Qe7 13. Qg4 Kh8 14. Kh1 Rad8 15. Bg5 f6 16. Bd2 Ba7 17. Rad1 dxc3 18. Bxc3 Nc5 19. Bc2 Nb4 20. Bxb4 axb4 21. Ne3 b3 22. Bb1 Ne6 23. Nf5 Qf7 24. Rc1 g6 25.
Ne3 Bd4 26. Nc4 Nf4 27. g3 h5 28.
Qd1 Nxh3 29. Kg2 Ng5 30. Qxb3 f5 31. Nd2 Qd7 32. Qd5 Qc8 33. Qb3 fxe4 34. dxe4 Qh3+ 35. Kg1 Nf3+ 36. Nxf3 Qxg3+ 37. Kh1 Qh3+ 0-1